 Dungeon Crawl Stone Soup version 0.28.0-53-g5a82cb258f (webtiles) character file.

Game seed: 3563731534144963980

55 mcbry74 the Insei (level 3, -4/26 HPs)
             Began as a Merfolk Transmuter on July 6, 2022.
             Slain by a gnoll
             ... wielding a +0 whip
              (5 damage)
             ... on level 3 of the Dungeon.
             The game lasted 00:04:50 (1728 turns).

mcbry74 the Insei (Merfolk Transmuter)              Turns: 1728, Time: 00:04:50

Health: -4/26      AC:  2    Str: 10    XL:     3   Next: 93%
Magic:  6/6        EV: 12    Int: 14    God:
Gold:   62         SH:  0    Dex: 14    Spells: 0/6 levels left

rFire   . . .      SeeInvis .     - Unarmed
rCold   . . .      Faith    .   (no shield)
rNeg    . . .      Spirit   .   a - +0 robe
rPois   .          Reflect  .   (no helmet)
rElec   .          Harm     .   (no cloak)
rCorr   .          Rampage  .   (no gloves)
Will    .....                   (no boots)
Stlth   +.........              (no amulet)
HPRegen 0.08/turn               (no ring)
MPRegen 0.10/turn               (no ring)

@: no status effects
A: (nimble swimmer 2), mertail
a: no special abilities


You were on level 3 of the Dungeon.
You visited 1 branch of the dungeon, and saw 3 of its levels.

You collected 62 gold pieces.

Inventory:

Missiles
 d - 6 javelins
Armour
 a - a +0 robe (worn)
Scrolls
 b - a scroll of amnesia {unknown}
 c - a scroll of vulnerability {unknown}
 f - 2 scrolls of identify {unknown}
 g - a scroll of enchant armour {unknown}
 h - a scroll of teleportation {unknown}
 k - a scroll of noise {unknown}
 l - a scroll of magic mapping {unknown}
Potions
 e - a potion of berserk rage {unknown}
 i - a potion of mutation {unknown}
 j - a potion of degeneration {unknown}
 m - a potion of curing {unknown}
 n - a potion of magic {unknown}


   Skills:
 - Level 1.1 Fighting
 - Level 2.6 Dodging
 * Level 5.1 Unarmed Combat
 - Level 2.0 Spellcasting
 + Level 2.8 Transmutations
 + Level 0.2 Poison Magic


You couldn't memorise any spells.
You knew the following spells:

 Your Spells              Type           Power      Damage    Failure   Level
a - Beastly Appendage     Tmut           18%        N/A       8%          1
b - Wereblood             Tmut           9%         N/A       12%         2
c - Spider Form           Tmut/Pois      5%         N/A       36%         3

Your spell library contained the following spells:

 Spells                   Type           Power      Damage    Failure   Level
 Ice Form                 Ice/Tmut       5%         N/A       80%         4


Dungeon Overview and Level Annotations

Branches:
Dungeon (3/15)

Altars:
Trog

Shops:
D:1 (!


Innate Abilities, Weirdness & Mutations

((You are very nimble when in or above water. (Stealth+, EV+, Speed+++)))
Your lower body shifts to a powerful aquatic tail in water.


Message History

The gnoll shouts!
The gnoll shouts!
The gnoll throws a throwing net.
The throwing net hits you.
You become entangled in the net!
You see here a throwing net.
Casting: Beastly Appendage (safe; 8% risk of failure)
Press: ? - help, Q - select action, (/) - cycle Dir - look around, f - activate You grow a pair of large bovine horns.
You tear a large gash into the net.
You struggle against the net.
The gnoll hits you with a +0 club.
You struggle against the net.
The gnoll hits you with a +0 club.
You rip the net and break free!
The gnoll closely misses you.
You closely miss the gnoll. The gnoll barely misses you.
You completely miss the gnoll. You headbutt the gnoll.
The gnoll is heavily wounded.
The gnoll barely misses you.
You barely miss the gnoll.
You headbutt the gnoll, but do no damage.
The gnoll is heavily wounded.
Your transformation is almost over.
You completely miss the gnoll.
The gnoll is heavily wounded.
The gnoll closely misses you.
You hit the gnoll but do no damage. You headbutt the gnoll.
The gnoll is severely wounded.
The gnoll barely misses you.
You hit the gnoll.
You kill the gnoll!
The gnoll misses you.
The gnoll shouts!
You hit the gnoll.
The gnoll is heavily wounded.
The gnoll hits you with a +0 flail! The gnoll hits you with a +0 whip.
You closely miss the gnoll.
The gnoll is heavily wounded.
The gnoll hits you with a +0 flail!
* * * LOW HITPOINT WARNING * * *
Your horns disappear.
The gnoll hits you with a +0 whip.
You die...

#.# # ########..
.# .........###.#
............#
............####
.# #..#.<.......
g. ##.#.##.#####
g# #......)# g#
####.#.@# .#
#......g# .#
#####.#g######.#
........#........#
.#################


You could see 2 gnolls.

Vanquished Creatures
  A gnoll (D:3)
  An adder (D:2)
  A worm (D:2)
  3 dart slugs (D:1)
  5 ball pythons (D:1)
  2 bats
  An endoplasm (D:1)
  3 goblins (D:1)
  2 hobgoblins
  3 kobolds (D:1)
  A quokka (D:1)
  4 frilled lizards
  A rat (D:1)
28 creatures vanquished.

Notes
Turn   | Place    | Note
-------+----------+-------------------------------------------
     0 | D:1      | mcbry74 the Merfolk Transmuter began the quest for the Orb.
     0 | D:1      | Reached XP level 1. HP: 15/15 MP: 3/3
   101 | D:1      | Found a faded altar of an unknown god.
   106 | D:1      | Reached XP level 2. HP: 21/21 MP: 3/5
   109 | D:1      | Learned a level 2 spell: Wereblood
   136 | D:1      | Reached skill level 4 in Unarmed Combat
   310 | D:1      | Found Udwakef's Weapon Shop.
   929 | D:1      | Reached XP level 3. HP: 23/26 MP: 4/6
   980 | D:1      | Found Baseg's Distillery.
  1124 | D:2      | Found a bloodstained altar of Trog.
  1396 | D:2      | Reached skill level 5 in Unarmed Combat
  1461 | D:2      | Learned a level 3 spell: Spider Form
  1726 | D:3      | HP: 1/26 [gnoll/+0 flail (10)]
  1728 | D:3      | Slain by a gnoll

Illustrated notes

Levels and vault maps discovered:
D:1:      eino_arrival_water_star, layout_basic, serial_shops, shop,
          nicolae_shop_bloodbath_and_beyond, hellmonk_ecumenical_altar_blasted
D:2:      layout_rooms, basic_altar, lemuel_old_faithful
D:3:      layout_basic, nzn_wu_jian_contemplation, nzn_hepliaklqana_mist_gate,
          grunt_ministairs_2

Skill      XL: |  1  2  3 |
---------------+----------+-----
Unarmed Combat | 4 5 |  5.1
Fighting       | |  1.1
Dodging        | |  2.6
Spellcasting   | |  2.0
Transmutations | |  2.8
Poison Magic   | |  0.2

Action                   || total
-------------------------++-------
Melee: Unarmed           ||    84
       Headbutt          ||    12
       Punch             ||     3
 Cast: Beastly Appendage ||    16
       Wereblood         ||     1
 Stab: Sleeping          ||     1
Armor: Robe              ||    18
Dodge: Dodged            ||    59
